 Dungeon Crawl Stone Soup version 0.27.0-1-g7a089689b8 (webtiles) character file.

Game seed: 10180717063391444720

18932 nxtlvl the Cruncher (level 13, -8/103 HPs)
             Began as a Human Gladiator on Aug 17, 2021.
             Was a Priest of Cheibriados.
             Mangled by a swamp worm (20 damage)
             ... on level 3 of the Lair of Beasts.
             The game lasted 01:23:22 (6163 turns).

nxtlvl the Cruncher (Human Gladiator)               Turns: 6163, Time: 01:23:22

Health: -8/103     AC:  8    Str: 31    XL:     13   Next: 0%
Magic:  14/18      EV: 23    Int: 20    God:    Cheibriados [***...]
Gold:   435        SH:  0    Dex: 22    Spells: 10/14 levels left

rFire    . . .     SeeInvis .   a - +0 quarterstaff
rCold    . . .     Faith    +   (shield currently unavailable)
rNeg     . . .     Spirit   .   F - +0 troll leather armour
rPois    .         Reflect  .   B - +0 helmet
rElec    .         Harm     .   C - +0 cloak
rCorr    .         Rampage  .   E - +0 pair of gloves
Will     .....                  D - +0 pair of boots
Stlth    ++........             x - amulet of faith
HPRegen  1.27/turn              o - +6 ring of strength
MPRegen  0.16/turn              p - +4 ring of evasion

@: very slow
A: no striking features
a: Renounce Religion, Bend Time, Temporal Distortion


You were on level 3 of the Lair of Beasts.
You worshipped Cheibriados.
Cheibriados was most pleased with you.
You visited 3 branches of the dungeon, and saw 14 of its levels.
You also visited: Ossuary and Bailey.

You collected 603 gold pieces.
You spent 168 gold pieces at shops.

Inventory:

Hand Weapons
 a - a +0 quarterstaff (weapon)
 e - a +0 hunting sling
 t - a +0 vampiric halberd
 G - a +5 morningstar
Missiles
 f - 209 stones
 i - 57 sling bullets
 l - 15 poisoned darts (quivered)
 I - 7 javelins
Armour
 j - a +0 buckler
 A - a +1 ring mail of poison resistance
 B - a +0 helmet (worn)
 C - a +0 cloak (worn)
 D - a +0 pair of boots (worn)
 E - a +0 pair of gloves (worn)
 F - a +0 troll leather armour (worn)
Jewellery
 c - an amulet of guardian spirit
 o - a +6 ring of strength (left hand)
 p - a +4 ring of evasion (right hand)
 x - an amulet of faith (around neck)
 z - an amulet of regeneration
 O - a ring of positive energy
 P - a +6 ring of intelligence
Wands
 b - a wand of paralysis (5)
 v - a wand of acid (19)
Scrolls
 g - 2 scrolls of amnesia
 q - a scroll of fear
 r - 2 scrolls of teleportation {unknown}
 y - a scroll of magic mapping {unknown}
 L - a scroll of vulnerability {unknown}
Potions
 d - a potion of attraction
 h - a potion of berserk rage
 k - 3 potions of resistance
 m - a potion of heal wounds
 n - 3 potions of curing
 s - 2 potions of flight
 u - 6 potions of haste
 H - a potion of brilliance
 J - 5 potions of lignification
 K - 5 potions of ambrosia


   Skills:
 + Level 10.0 Fighting
 - Level 12.0 Staves
 - Level 2.0 Throwing
 * Level 9.8 Dodging
 - Level 1.0 Spellcasting
 + Level 7.6 Conjurations
 - Level 1.0 Translocations
 + Level 7.2 Invocations


You had 10 spell levels left.
You knew the following spells:

 Your Spells              Type           Power      Damage    Failure   Level
z - Iskenderun's Mystic   Conj/Tloc      18%        2d6       32%         4

Your spell library contained the following spells:

 Spells                   Type           Power      Damage    Failure   Level
 Dazzling Flash           Conj/Hex       32%        N/A       12%         3
 Slow                     Hex            1%         N/A       28%         2
 Hailstorm                Conj/Ice       16%        3d6       36%         4
 Confusing Touch          Hex            1%         N/A       50%         3
 Ozocubu's Armour         Ice            1%         N/A       50%         3
 Vampiric Draining        Necr           0%         2d6       50%         3
 Ice Form                 Ice/Tmut       1%         N/A       88%         4
 Metabolic Englaciation   Hex/Ice        0%         N/A       99%         5
 Summon Forest            Summ/Tloc      1%         N/A       99%         5
 Summon Mana Viper        Hex/Summ       1%         N/A       99%         5
 Yara's Violent Unravell  Hex/Tmut       0%         3d3       99%         5
 Starburst                Conj/Fire      8%         8x6d4     99%         6
 Shadow Creatures         Summ           N/A        N/A       100%        6
 Simulacrum               Ice/Necr       0%         N/A       100%        6


Dungeon Overview and Level Annotations

Branches:
Dungeon (9/15)             Temple (1/1) D:5            Lair (4/6) D:9
Ossuary (visited)          Bailey (visited)
  Swamp: Lair:2-4    Shoals: Lair:2-4     Snake: Lair:2-4    Spider: Lair:2-4
    Orc: D:9-12

Altars:
Ashenzari
Cheibriados
Dithmenos
Elyvilon
Fedhas
Gozag
Hepliaklqana
Kikubaaqudgha
Makhleb
Nemelex Xobeh
Okawaru
Qazlal
Ru
Sif Muna
Trog
Uskayaw
Vehumet
Xom
Yredelemnul
Zin
The Shining One

Shops:
D:2 (   D:7 [

Annotations:
D:4 3 runed translucent doors, sakkuzi's ghost, amateur DsGl
D:5 exclusion: downstairs
Lair:1 exclusions: downstairs and oklob plant


Message History

The five-headed hydra bites you but does no damage.
The five-headed hydra misses you. The five-headed hydra bites you.
The swamp worm misses you.
You hit the five-headed hydra.
The five-headed hydra is severely wounded.
The five-headed hydra barely misses you. x2
The five-headed hydra bites you!
The five-headed hydra completely misses you.
The five-headed hydra bites you.
You hit the five-headed hydra.
The five-headed hydra is severely wounded.
The swamp worm completely misses you.
You hit the five-headed hydra.
The five-headed hydra is severely wounded.
The swamp worm bites you!
The five-headed hydra closely misses you.
The five-headed hydra barely misses you.
The five-headed hydra completely misses you. x2
The five-headed hydra bites you.
You barely miss the five-headed hydra.
The five-headed hydra is severely wounded.
The swamp worm bites you! The five-headed hydra misses you.
The five-headed hydra bites you. The five-headed hydra misses you.
The five-headed hydra bites you.
* * * LOW HITPOINT WARNING * * *
The five-headed hydra closely misses you.
You barely miss the five-headed hydra.
The five-headed hydra is severely wounded.
The swamp worm closely misses you.
You hit the five-headed hydra.
The five-headed hydra is severely wounded.
The five-headed hydra completely misses you.
The five-headed hydra bites you!
* * * LOW HITPOINT WARNING * * *
The five-headed hydra completely misses you.
The five-headed hydra bites you.
* * * LOW HITPOINT WARNING * * *
The five-headed hydra completely misses you.
The swamp worm bites you!!
You die...

# ##....##### #
###P....### .
#........# .#
#........# ..
#.#.......###
..##.........♣ #..
#.....†...♣
##.......♣♣..♣♣♣♣♣♣♣
#.+...♣♣..@≈≈≈≈≈≈♣
###....♣♣≈Dw≈≈≈≈≈♣
#.....♣♣≈≈≈≈≈≈≈♣
#....♣♣...≈≈≈≈♣♣
......♣♣...♣♣♣♣
♣♣..§ # ### ♣♣♣♣§
##..#.. .. ......(
..


You could see a five-headed hydra and a swamp worm.

Vanquished Creatures
  3 hydras
  10 elephants
  3 cane toads
  A rime drake (Lair:2)
  5 komodo dragons
  2 trolls (D:9)
  A hornet (D:8)
  A queen bee (Lair:3)
  A polar bear (Lair:4)
  Sigmund (D:4)
  A wyvern (Lair:4)
  Grum (D:8)
  26 yaks
  2 water moccasins
  2 ice beasts
  2 black bears
  A sky beast (D:6)
  A necrophage (D:9)
  2 centaurs
  16 wolves
  A kobold brigand (D:6)
  A wyvern zombie (D:6)
  15 bullfrogs
  2 elf zombies (Ossuary)
  2 scorpions
  24 killer bees (Lair:3)
  9 wights (D:9)
  3 howler monkeys
  An electric eel (D:9)
  3 centaur zombies
  A bullfrog zombie (D:6)
  2 orc priests (D:8)
  7 hounds
  A human zombie (Ossuary)
  2 centaur skeletons
  3 iguanas (D:7)
  3 orc wizards
  A killer bee zombie (D:6)
  A hound skeleton (D:4)
  3 mummies
  3 gnolls (D:5)
  5 adders
  A shadow imp (D:6)
  A white imp (D:6)
  2 ufetubi
  An adder zombie (Ossuary)
  A worm (D:5)
  6 dart slugs
  24 orcs
  6 endoplasms
  3 giant cockroaches
  2 goblins
  10 hobgoblins
  2 jackals (D:3)
  3 quokkas
  5 ball pythons
  4 bats
  3 frilled lizards
  A goblin zombie (Ossuary)
  8 hobgoblin zombies (Ossuary)
  A jackal zombie (Ossuary)
  12 kobolds
  10 kobold zombies (Ossuary)
  8 orc zombies (Ossuary)
  A quokka skeleton (D:4)
  5 rats
  3 rat zombies (Ossuary)
298 creatures vanquished.

Vanquished Creatures (others)
  13 fungi
  4 plants (Lair:4)
  A withered plant (D:9)
18 creatures vanquished.

Grand Total: 316 creatures vanquished

Notes
Turn   | Place    | Note
-------+----------+-------------------------------------------
     0 | D:1      | nxtlvl the Human Gladiator began the quest for the Orb.
     0 | D:1      | Reached XP level 1. HP: 16/16 MP: 1/1
    49 | D:1      | Reached XP level 2. HP: 21/22 MP: 2/2
   211 | D:1      | Reached skill level 4 in Staves
   211 | D:1      | Reached XP level 3. HP: 9/27 MP: 3/3
   445 | D:4      | Noticed Sigmund
   461 | D:4      | Killed Sigmund
   462 | D:4      | Reached skill level 6 in Staves
   462 | D:4      | Reached XP level 4. HP: 33/33 MP: 4/4
   462 | D:4      | Reached XP level 5. HP: 38/38 MP: 5/5
   462 | D:4      | Reached XP level 6. HP: 44/44 MP: 6/6
   526 | D:4      | Noticed a +0 hand axe
   527 | D:4      | Noticed a +0 hand axe
   529 | D:4      | Found a hide-covered altar of Uskayaw.
   702 | D:3      | Found a faded altar of an unknown god.
   752 | D:2      | Found an ancient bone altar of Kikubaaqudgha.
   916 | D:2      | Found Okhae's Antique Weapon Shop.
   964 | D:4      | Noticed a black bear
  1093 | D:5      | Entered Level 5 of the Dungeon
  1169 | D:4      | Found a runed translucent gate.
  1169 | D:4      | Noticed sakkuzi's ghost (amateur DsGl)
  1169 | D:4      | Noticed a black bear
  1170 | D:4      | Found a runed translucent gate.
  1170 | D:4      | Found a runed translucent gate.
  1246 | D:4      | Reached skill level 7 in Staves
  1246 | D:4      | Reached XP level 7. HP: 51/51 MP: 7/7
  1484 | D:5      | Found a staircase to the Ecumenical Temple.
  1493 | Temple   | Entered the Ecumenical Temple
  1614 | Temple   | Became a worshipper of Cheibriados the Contemplative
  1972 | D:5      | Reached skill level 8 in Staves
  2025 | D:6      | Reached XP level 8. HP: 51/60 MP: 8/8
  2082 | D:6      | Reached * piety under Cheibriados
  2277 | D:6      | Paralysed by a kobold brigand for 4 turns
  2381 | D:7      | Found Noecaq's Antique Armour Shop.
  2398 | D:7      | Bought a glowing ring mail for 168 gold pieces
  2457 | D:7      | Reached skill level 9 in Staves
  2488 | D:6      | Reached skill level 5 in Fighting
  2561 | D:7      | Reached XP level 9. HP: 34/68 MP: 9/9
  2652 | D:7      | Reached ** piety under Cheibriados
  2697 | D:7      | Found a flagged portal.
  2709 | Bailey   | Entered a bailey
  2709 | Bailey   | Noticed an orc knight
  3032 | D:8      | Noticed a hornet
  3044 | D:8      | Killed a hornet
  3059 | D:8      | Reached skill level 5 in Dodging
  3146 | D:8      | Found a sand-covered staircase.
  3155 | Ossuary  | Entered an ossuary
  3291 | Ossuary  | Reached *** piety under Cheibriados
  3327 | Ossuary  | Reached skill level 10 in Staves
  3556 | D:8      | Noticed Grum
  3567 | D:8      | Reached **** piety under Cheibriados
  3568 | D:8      | Reached skill level 1 in Invocations
  3574 | D:8      | Killed Grum
  3685 | D:8      | Found an iron altar of Okawaru.
  3701 | D:8      | Reached XP level 10. HP: 32/77 MP: 11/11
  3707 | D:8      | Found a shimmering altar of Xom.
  3721 | D:8      | Learned a level 4 spell: Iskenderun's Mystic Blast
  3977 | D:9      | Reached skill level 1 in Conjurations
  4159 | D:9      | Noticed a two-headed ogre
  4193 | D:9      | Reached skill level 11 in Staves
  4316 | D:9      | Found a staircase to the Lair.
  4380 | D:9      | Reached ***** piety under Cheibriados
  4518 | Lair:1   | Entered Level 1 of the Lair of Beasts
  4619 | Lair:1   | Reached XP level 11. HP: 81/84 MP: 14/14
  4746 | Lair:1   | Noticed a seven-headed hydra
  4752 | Lair:1   | Killed a seven-headed hydra
  4753 | Lair:1   | Reached skill level 5 in Invocations
  4815 | Lair:1   | Noticed an oklob plant
  4855 | Lair:2   | Noticed an elephant
  4855 | Lair:2   | Noticed an elephant
  4855 | Lair:2   | Noticed an elephant
  4855 | Lair:2   | Noticed an elephant
  4855 | Lair:2   | Noticed an elephant
  4855 | Lair:2   | Noticed an elephant
  5088 | Lair:2   | Reached skill level 12 in Staves
  5231 | Lair:2   | Reached skill level 5 in Conjurations
  5231 | Lair:2   | Noticed a six-headed hydra
  5245 | Lair:2   | Killed an elephant
  5246 | Lair:2   | Reached XP level 12. HP: 76/94 MP: 3/16
  5259 | Lair:2   | Killed a six-headed hydra
  5306 | Lair:2   | Reached skill level 1 in Translocations
  5332 | Lair:2   | Reached skill level 1 in Spellcasting
  6030 | Lair:3   | Noticed a seven-headed hydra
  6040 | Lair:3   | Killed a seven-headed hydra
  6143 | Lair:3   | Reached skill level 10 in Fighting
  6143 | Lair:3   | Reached XP level 13. HP: 84/103 MP: 18/18
  6147 | Lair:3   | Noticed a five-headed hydra
  6163 | Lair:3   | Mangled by a swamp worm

Illustrated notes

Levels and vault maps discovered:
D:1:      amcnicky_arrival_double_pillar, layout_rooms
D:2:      layout_loops_cross, basic_altar, serial_shops, shop,
          grunt_decor_arrowhead
D:3:      layout_basic, serial_shops, shop_scrolls,
          hellmonk_ecumenical_altar_heavens_door
D:4:      layout_gridville, dancing_weapons_uskayaw, gammafunk_ghost_split,
          minmay_misc_feat_room, uniq_sigmund
D:5:      layout_loops_corners, minmay_temple_entry_waves
D:6:      layout_basic
D:7:      layout_cave_pods, serial_shops, shop, enter_bailey_2,
          minmay_stone_trees_small
D:8:      layout_loops_ring, mainiacjoe_overflow_catwalk_spiral,
          gup_ossuary_entry_pyramid, st_stairs_7, uniq_grum
D:9:      layout_stronghold, nicolae_wu_jian_glorious_leap, erik_lair_island,
          serial_undead, serial_undead_f, serial_undead_a, serial_undead_e,
          serial_undead_c
Temple:   dpeg_five_rooms_temple
Lair:1:   layout_regular_city, infiniplex_staircase_pool,
          minmay_lair_oklob_chamber, grunt_megastairs_2
Lair:2:   layout_gridlike, beast_lair_carwin_1, grunt_megastairs_4
Lair:3:   layout_roguey [special_room_bee], palyth_hydra_swamp_entry,
          serial_bayou_lagoon_a
Lair:4:   layout_regular_city, nicolae_spider_entry_tight_spaces

Skill      XL: |  1  2  3  4  5  6  7  8  9 10 11 12 |
---------------+-------------------------------------+-----
Staves         | 4 6 7 8 9 10 11 12 | 12.0
Fighting       | 4 5 6 7 8 10 | 10.0
Dodging        | 4 5 6 8 9 |  9.8
Invocations    | 2 4 6 7 |  7.2
Conjurations   | 3 5 7 |  7.6
Translocations | 1 |  1.0
Spellcasting   | 1 |  1.0
Throwing       | |  2.0

Action                   |  1- 3 |  4- 6 |  7- 9 | 10-12 | 13-15 || total
-------------------------+-------+-------+-------+-------+-------++-------
Melee: Quarterstaff      |    85 |   137 |   443 |   519 |    12 ||  1196
Throw: Throwing net      |     3 |       |       |       |       ||     3
       Stone             |     1 |       |       |       |       ||     1
       Dart              |     6 |     4 |    36 |    19 |       ||    65
Invok: Slouch            |       |       |       |     9 |     1 ||    10
Evoke: Wand              |       |       |     4 |    12 |       ||    16
  Use: Scroll            |       |       |     6 |     4 |       ||    10
       Potion            |       |       |       |     7 |       ||     7
 Stab: Paralysed         |       |       |     5 |     2 |       ||     7
       Sleeping          |       |       |       |     1 |       ||     1
Armor: Leather armour    |    11 |       |       |       |       ||    11
       Chain mail        |    23 |    76 |    68 |       |       ||   167
       Ring mail         |       |       |    59 |    22 |       ||    81
       Troll leather arm |       |       |       |    52 |     4 ||    56
       Skin              |       |       |       |    22 |       ||    22
Dodge: Dodged            |    33 |    35 |   287 |   429 |    32 ||   816
